 Dungeon Crawl Stone Soup version 0.31-a0-700-gf13585253f (webtiles) character file.

Game seed: 17526236612778705504

199 qw the Shooter (level 5, -10/33 HPs)
             Began as a Gargoyle Hunter on Sept 7, 2023.
             Mangled by Pikel
             ... wielding a +1 whip of freezing
              (12 damage)
             ... on level 4 of the Dungeon.
             The game lasted 00:01:09 (1882 turns).

qw the Shooter (Gargoyle Hunter)                    Turns: 1882, Time: 00:01:09

Health: -10/33     AC:  7    Str: 15    XL:     5   Next: 77%
Magic:  5/5        EV: 12    Int:  9    God:
Gold:   176        SH:  0    Dex: 21    Spells: 4/4 levels left

rFire   . . .        Y - +0 shortbow
rCold   . . .        (shield currently unavailable)
rNeg    + + .        c - +0 leather armour
rPois   inf          (no helmet)
rElec   +            (no cloak)
rCorr   .            (no gloves)
SInv    .            (no boots)
Will    .....        (no amulet)
Stlth   ++           f - ring of positive energy
HPRegen 0.25/turn    d - +6 ring of dexterity
MPRegen 0.09/turn

%: no passive effects
@: about to teleport
A: sickness immunity, AC +4, negative energy resistance 1, electricity
resistance, torment resistance 1, petrification resistance
a: no special abilities


You were on level 4 of the Dungeon.
You visited 1 branch of the dungeon, and saw 4 of its levels.

You collected 176 gold pieces.


Innate Abilities, Weirdness & Mutations

You are immune to sickness and miasma.
Your stone body is resilient. (AC +4)
You are immune to poison.
You resist negative energy. (rN+)
You are resistant to electric shocks. (rElec)
You are resistant to unholy torment.
You are immune to petrification.


   Skills:
 + Level 3.8 Fighting
 - Level 6.0 Ranged Weapons
 - Level 2.0 Dodging
 - Level 1.1 Stealth


You had 4 spell levels left.
You didn't know any spells.
Your spell library was empty.

Inventory:

Hand Weapons
 Y - a +0 shortbow (weapon)
Armour
 c - a +0 leather armour (worn)
Jewellery
 d - a +6 ring of dexterity (right hand)
 f - a ring of positive energy (left hand)
Scrolls
 a - a scroll of identify
Potions
 g - 2 potions of enlightenment
 i - a potion of curing
 j - a potion of resistance

Dungeon Overview and Level Annotations

Branches:
Dungeon (4/15)             Temple (0/1) D:4

Altars:

Annotations:
D:4 Pikel


Message History

Pikel hits you with a +1 whip of freezing.
Pikel freezes you.
A lemure comes into view.
You shoot an arrow. The lemure shouts!
The arrow hits Pikel.
Pikel is lightly wounded.
You hear a shout!
A black bear comes into view.
Pikel barely misses you.
You shoot an arrow. The arrow closely misses Pikel.
The black bear growls angrily.
Pikel barely misses you.
1875 |||
Found retreat position at 4,3 (floor) with 0 blocking monsters and 4 monsters attacking at destination at distance 4
1875 ||| Stepping ~*~*~tactically~*~*~ (retreating).
Pikel hits you with a +1 whip of freezing.
Pikel freezes you.
1876 |||
Found retreat position at 3,3 (floor) with 0 blocking monsters and 4 monsters attacking at destination at distance 3
1876 ||| Stepping ~*~*~tactically~*~*~ (retreating).
1877 |||
Found retreat position at 2,2 (floor) with 0 blocking monsters and 4 monsters attacking at destination at distance 2
1877 ||| Stepping ~*~*~tactically~*~*~ (retreating).
1878 |||
Found retreat position at 1,1 (floor) with 0 blocking monsters and 4 monsters attacking at destination at distance 1
1878 ||| Stepping ~*~*~tactically~*~*~ (retreating).
Pikel attacks as he pursues you! Pikel closely misses you.
You shoot an arrow. The arrow closely misses Pikel.
The arrow hits the lemure!
The lemure is moderately wounded.
Pikel misses you.
You shoot an arrow. The arrow misses the lemure.
Pikel hits you with a +1 whip of freezing!
Pikel freezes you. The lemure hits you but does no damage. The lemure hits you.
1881 ||| READING scroll of teleportation.
As you read the scroll of teleportation, it crumbles to dust.
You feel strangely unstable. Pikel barely misses you.
The lemure closely misses you. The lemure hits you but does no damage.
You shoot an arrow. The arrow hits the lemure.
The lemure is severely wounded.
Pikel hits you with a +1 whip of freezing!
You die...
Pikel says, "See you in Hell!"

#............(...!. ?...%....
#.................###.........
#................# #..........
#....../........# #..........
#...............# ##..........
#..............## #.<.........
#............5h# #...........
##..........5K## ##......)....
##.........5@# #............
#....####...## #............
#...# ##### ##............
#.## #............. #.
#............. ##............
###........#. ###########


You could see Pikel, a black bear and 3 lemures.

Vanquished Creatures
  A howler monkey (D:2)
  A hound (D:4)
  5 adders (D:2)
  2 worms (D:2)
  A dart slug (D:4)
  6 orcs
  3 ball pythons
  5 bats
  9 endoplasms
  4 giant cockroaches (D:1)
  9 hobgoblins
  3 jackals (D:2)
  4 quokkas (D:1)
  2 frilled lizards (D:1)
  7 goblins
  2 kobolds
  3 rats (D:1)
67 creatures vanquished.

Notes
Turn   | Place    | Note
-------+----------+-------------------------------------------
     0 | D:1      | qw the Gargoyle Hunter began the quest for the Orb.
     0 | D:1      | Reached XP level 1. HP: 12/12 MP: 1/1
     0 | D:1      | 0 ||| qw: Version: 0.3-a-76-g4403597
     0 | D:1      | 0 ||| qw: Game counter: 602
     0 | D:1      | 0 ||| qw: Melee chars always use a shield: true
     0 | D:1      | 0 ||| qw: God list: Okawaru
     0 | D:1      | 0 ||| qw: Allow faded altars: false
     0 | D:1      | 0 ||| qw: Do Orc after clearing Dungeon:15 true
     0 | D:1      | 0 ||| qw: Do second Lair branch before Depths: true
     0 | D:1      | 0 ||| qw: Lair rune preference: random
     0 | D:1      | 0 ||| qw: Goals: Normal
     0 | D:1      | 0 ||| PLANNING D:1-11
    92 | D:1      | Reached XP level 2. HP: 17/17 MP: 2/2
   373 | D:1      | Reached XP level 3. HP: 18/21 MP: 3/3
   607 | D:1      | Found a faded altar of an unknown god.
   639 | D:1      | Reached skill level 5 in Ranged Weapons
   707 | D:1      | 707 ||| UPGRADING to ring of positive energy.
   708 | D:1      | 708 ||| READING 4 scrolls labelled ETWU UTUGA.
   709 | D:1      | 709 ||| READING 3 scrolls labelled QYPUNU HUNO.
   712 | D:1      | 712 ||| READING 3 scrolls of identify.
   712 | D:1      | 712 ||| IDENTIFYING inky potion
   713 | D:1      | 713 ||| READING 2 scrolls of identify.
   713 | D:1      | 713 ||| IDENTIFYING sapphire potion
   714 | D:1      | 714 ||| DROPPING scroll of butterflies.
   715 | D:1      | 715 ||| DROPPING potion of attraction.
   895 | D:2      | Reached skill level 3 in Fighting
   949 | D:2      | Reached XP level 4. HP: 28/28 MP: 4/4
  1103 | D:2      | Reached skill level 6 in Ranged Weapons
  1103 | D:2      | Reached XP level 5. HP: 26/32 MP: 5/5
  1426 | D:2      | 1426 ||| UPGRADING to +6 ring of dexterity.
  1427 | D:2      | 1427 ||| READING scroll labelled LYOHYPTAPRI.
  1428 | D:2      | 1428 ||| READING scroll labelled OTOZXU XIUSA.
  1429 | D:2      | 1429 ||| READING 3 scrolls of identify.
  1429 | D:2      | 1429 ||| IDENTIFYING viscous black potion
  1430 | D:2      | 1430 ||| READING 2 scrolls of identify.
  1430 | D:2      | 1430 ||| IDENTIFYING murky inky potion
  1431 | D:2      | 1431 ||| DROPPING potion of degeneration.
  1510 | D:3      | Identified the +1 robe of Daffodils {Int+3}
  1709 | D:3      | 1709 ||| DROPPING +1 robe of Daffodils {Int+3}.
  1710 | D:3      | 1710 ||| READING 3 scrolls of identify.
  1710 | D:3      | 1710 ||| IDENTIFYING brown potion
  1711 | D:3      | 1711 ||| READING 2 scrolls of identify.
  1711 | D:3      | 1711 ||| IDENTIFYING green potion
  1767 | D:4      | Found a staircase to the Ecumenical Temple.
  1768 | D:4      | 1768 ||| PLANNING TEMPLE
  1772 | D:4      | Noticed Pikel
  1773 | D:4      | 1773 ||| RETREATING.
  1774 | D:4      | 1774 ||| Stepping ~*~*~tactically~*~*~ (retreating).
  1774 | D:4      | Noticed a lemure
  1775 | D:4      | 1775 ||| Stepping ~*~*~tactically~*~*~ (retreating).
  1784 | D:4      | Noticed a lemure
  1787 | D:4      | HP: 5/33 [Pikel/+1 whip of freezing (6)]
  1788 | D:4      | 1788 ||| READING 2 scrolls of teleportation.
  1789 | D:4      | 1789 ||| DRINKING potion of heal wounds.
  1790 | D:4      | Noticed a lemure
  1854 | D:4      | 1854 ||| Stepping randomly (stuck).
  1856 | D:4      | 1856 ||| Stepping randomly (stuck).
  1857 | D:4      | 1857 ||| Stepping randomly (stuck).
  1858 | D:4      | 1858 ||| Stepping randomly (stuck).
  1859 | D:4      | 1859 ||| Stepping randomly (stuck).
  1860 | D:4      | 1860 ||| Stepping randomly (stuck).
  1861 | D:4      | 1861 ||| Stepping randomly (stuck).
  1862 | D:4      | 1862 ||| Stepping randomly (stuck).
  1863 | D:4      | 1863 ||| Stepping randomly (stuck).
  1864 | D:4      | 1864 ||| Stepping randomly (stuck).
  1865 | D:4      | 1865 ||| Stepping randomly (stuck).
  1866 | D:4      | 1866 ||| Stepping randomly (stuck).
  1867 | D:4      | 1867 ||| Stepping randomly (stuck).
  1872 | D:4      | Noticed a lemure
  1873 | D:4      | Noticed a black bear
  1875 | D:4      | 1875 ||| Stepping ~*~*~tactically~*~*~ (retreating).
  1876 | D:4      | 1876 ||| Stepping ~*~*~tactically~*~*~ (retreating).
  1877 | D:4      | 1877 ||| Stepping ~*~*~tactically~*~*~ (retreating).
  1878 | D:4      | 1878 ||| Stepping ~*~*~tactically~*~*~ (retreating).
  1880 | D:4      | HP: 8/33 [Pikel/+1 whip of freezing (3)]
  1880 | D:4      | HP: 2/33 [lemure[Pikel] (6)]
  1881 | D:4      | 1881 ||| READING scroll of teleportation.
  1882 | D:4      | Mangled by Pikel

Levels and vault maps discovered:
D:1:      wander_arrival_peaceful_grave, layout_loops_ring,
          shapermc_ecumenical_altar_mp_vishouse
D:2:      layout_basic
D:3:      layout_basic
D:4:      layout_cave_pods, pdpol_temple_overflow_zin_treasury_gozag_greed,
          minmay_temple_entry_waves, serial_bayou_crossing, uniq_pikel

Skill      XL: |  1  2  3  4  5 |
---------------+----------------+-----
Ranged Weapons | 5 6 |  6.0
Fighting       | 3 |  3.8
Dodging        | 2 |  2.0
Stealth        | |  1.1

Action                     |  1- 3 |  4- 6 || total
---------------------------+-------+-------++-------
   Fire: Shortbow          |   117 |   145 ||   262
    Use: Scroll            |     4 |     8 ||    12
         Potion            |       |     1 ||     1
 Armour: Leather armour    |    32 |    61 ||    93
  Dodge: Dodged            |    36 |    79 ||   115

Table legend:
 A = Non-vault XP
 B = Vault XP
 C = Vault XP percentage of total XP
 D = Non-vault monster count
 E = Vault monster count
 F = Vault count percentage of total count
                 A         B        C        D         E       F
            +---------+---------+-------+---------+---------+-------
      Total |     285 |       0 |   0.0 |      67 |       0 |   0.0
            +---------+---------+-------+---------+---------+-------
        D:1 |      47 |       0 |   0.0 |      27 |       0 |   0.0
        D:2 |     161 |       0 |   0.0 |      24 |       0 |   0.0
        D:3 |      24 |       0 |   0.0 |      11 |       0 |   0.0
        D:4 |      53 |       0 |   0.0 |       5 |       0 |   0.0
            +---------+---------+-------+---------+---------+-------
